AoeStats
← MatzeAoE

MegaRandom

506218223Analyzed
1v1 RM · 19d ago on Sep 12, 2026· 37m 58s· 2 players
Game mode
Random Map
Map size
Tiny (2 player)
Population
200
Speed
Normal
Resources
Standard
Victory
Conquest
Starting age
Dark Age
Ending age
Imperial Age
RankedLock teamsTeams togetherTeam positionsShared explorationLock speedFull tech treeHidden civsTurbo modeCheats
Victory
Defeat
🇩🇪 Bengalis · Germany
2152
+8
🇬🇧 Mongols · United Kingdom
1971
-8
o35.PuLsE
0:28 Loom
7:15 Feudal Age
7:47 Double-Bit Axe
7:27 Man-at-Arms
10:38 Arson
18:24 Castle Age
16:48 Gold Mining
19:13 Fletching
21:34 Wheelbarrow
21:10 Bow Saw
24:24 Town Watch
25:30 Horse Collar
26:01 Bodkin Arrow
26:03 Elite Skirmisher
28:45 Padded Archer Armor
29:23 Bloodlines
29:13 Husbandry
29:45 Hand Cart
33:42 Imperial Age
32:16 Light Cavalry
33:02 Scale Barding Armor
33:24 Forging
34:12 Nomads
35:29 Chain Barding Armor
35:02 Elite Steppe Lancer
37:16 Iron Casting
MatzeAoE
0:26 Loom
10:58 Feudal Age
11:35 Double-Bit Axe
17:28 Castle Age
15:43 Fishing Lines
17:42 Scale Barding Armor
17:51 Light Cavalry
24:53 Fletching
29:51 Imperial Age
29:57 Imperial Age
27:30 Gold Mining
28:55 Gold Shaft Mining
28:02 Horse Collar
28:58 Bodkin Arrow
29:17 Bloodlines
29:08 Husbandry
30:17 Ballistics
30:37 Wheelbarrow
29:48 Town Watch
29:56 Gillnets
32:20 Chemistry
32:32 Conscription
32:28 Padded Archer Armor
32:30 Bracer
32:31 Padded Archer Armor
33:01 Gillnets
34:11 Bow Saw
34:20 Hand Cart
34:38 Elite Ratha (Ranged)
35:41 Town Patrol
36:13 Leather Archer Armor
36:59 Paiks
Connection lost

Rejoining the realm…

Still unreachable

The connection could not be restored.

Session expired

The server has moved on; the page needs a fresh start.